AoeStats
← Corsican Pirate

Arena

508019744Analyzed
4v4 RM · 13d ago on Sep 20, 2026· 42m 23s· 8 players
Game mode
Random Map
Map size
Large (8 player)
Population
200
Speed
Normal
Resources
Standard
Victory
Conquest
Starting age
Dark Age
Ending age
Imperial Age
RankedLock teamsTeams togetherTeam positionsShared explorationLock speedFull tech treeHidden civsTurbo modeCheats
Victory
Defeat
🇭🇰 Britons · Hong Kong SAR China
1319
+12
🇺🇦 Teutons · Ukraine
1258
+15
🇲🇽 Dravidians · Mexico
1250
+15
🇲🇽 Cumans · Mexico
1222
+17
🇹🇼 Poles · Taiwan
1314
-17
🇳🇱 Huns · Netherlands
1237
-15
🇨🇳 Franks · China
1229
-15
🇳🇱 Khmer · Netherlands
1160
-12
Морозець
0:29 Loom
9:45 Feudal Age
10:09 Horse Collar
10:16 Double-Bit Axe
18:00 Castle Age
20:32 Heavy Plow
21:52 Bow Saw
28:06 Imperial Age
28:41 Forging
29:36 Wheelbarrow
28:47 Town Watch
29:32 Conscription
29:59 Pikeman
30:40 Squires
30:25 Arson
31:11 Scale Mail Armor
31:54 Iron Casting
32:34 Chain Mail Armor
34:04 Crenellations
33:32 Halberdier
35:17 Plate Mail Armor
35:40 Capped Ram
37:39 Blast Furnace
39:10 Ironclad
38:18 Man-at-Arms
38:43 Gambesons
39:09 Long Swordsman
39:34 Gambesons
40:04 Two-Handed Swordsman
41:27 Champion
Imperial Skirmisher
9:18 Feudal Age
9:45 Double-Bit Axe
10:48 Horse Collar
12:29 Loom
16:01 Wheelbarrow
21:51 Castle Age
20:50 Scale Barding Armor
21:43 Forging
22:13 Capped Ram
23:11 Town Watch
24:13 Iron Casting
24:50 Chain Barding Armor
24:47 Bow Saw
25:45 Hand Cart
26:41 Bloodlines
31:40 Imperial Age
29:48 Fletching
31:35 Gold Mining
31:09 Light Cavalry
32:17 Ballistics
32:31 Masonry
32:18 Bodkin Arrow
33:46 Blast Furnace
34:09 Conscription
34:47 Plate Barding Armor
33:36 Elite Steppe Lancer
36:40 Chemistry
35:53 Stone Mining
36:30 Padded Archer Armor
37:19 Hussar
慌狂的鼹鼠
10:12 Feudal Age
14:38 Castle Age
12:25 Double-Bit Axe
12:43 Horse Collar
14:27 Loom
18:07 Fletching
20:29 Bow Saw
26:07 Imperial Age
24:04 Bodkin Arrow
25:27 Padded Archer Armor
27:28 Wheelbarrow
27:55 Heavy Plow
31:24 Hand Cart
30:54 Town Watch
34:01 Scale Mail Armor
34:12 Forging
33:50 Pikeman
34:30 Squires
35:09 Chain Mail Armor
37:25 Conscription
40:27 Iron Casting
40:22 Plate Mail Armor
39:53 Bracer
40:08 Leather Archer Armor
41:12 Yeomen
40:23 Elite Longbowman
43:45 Chemistry
43:06 Ballistics
Corsican Pirate
11:09 Feudal Age
9:27 Loom
15:54 Castle Age
13:55 Double-Bit Axe
14:17 Horse Collar
15:25 Scale Mail Armor
15:33 Man-at-Arms
19:25 Wheelbarrow
18:19 Long Swordsman
20:01 Heavy Plow
20:59 Gambesons
21:15 Squires
21:01 Arson
21:46 Heavy Plow
22:34 Chain Mail Armor
22:33 Pikeman
24:23 Bow Saw
24:59 Forging
25:00 Town Watch
26:45 Hand Cart
27:53 Iron Casting
27:38 Gold Mining
29:26 Stone Mining
33:47 Imperial Age
31:29 Fletching
32:11 Padded Archer Armor
32:41 Bodkin Arrow
33:10 Ballistics
34:34 Thumb Ring
36:09 Chemistry
37:52 Fortified Wall
39:16 Bracer
39:48 Elite Skirmisher
a506b8123il
10:51 Feudal Age
11:25 Double-Bit Axe
13:49 Town Watch
16:36 Castle Age
15:36 Gold Mining
18:03 Bow Saw
21:50 Loom
24:24 Horse Collar
26:39 Wheelbarrow
26:10 Stone Mining
27:34 Heavy Plow
31:31 Imperial Age
29:59 Scale Mail Armor
30:59 Forging
31:19 Hand Cart
31:46 Chain Mail Armor
31:37 Capped Ram
32:47 Conscription
32:21 Elite Obuch
34:16 Squires
34:57 Crop Rotation
34:11 Siege Ram
35:18 Fletching
36:00 Ballistics
35:41 Elite Skirmisher
36:20 Bodkin Arrow
37:28 Chemistry
37:55 Stone Shaft Mining
38:11 Bracer
38:13 Padded Archer Armor
39:05 Masonry
39:41 Fortified Wall
41:00 Plate Mail Armor
41:20 Leather Archer Armor
40:48 Light Cavalry
41:38 Bloodlines
41:29 Husbandry
41:36 Scale Barding Armor
41:54 Lechitic Legacy
jsvos123
10:01 Feudal Age
10:44 Double-Bit Axe
10:41 Horse Collar
16:40 Castle Age
14:56 Stone Mining
15:52 Gold Mining
19:26 Fletching
19:53 Town Watch
19:59 Town Watch
20:48 Murder Holes
23:50 Bodkin Arrow
24:29 Scale Barding Armor
26:06 Wheelbarrow
32:58 Imperial Age
31:38 Bloodlines
31:29 Husbandry
33:37 Cavalier
36:46 Bracer
有个小草
10:04 Feudal Age
14:21 Castle Age
12:18 Double-Bit Axe
15:57 Bow Saw
22:47 Wheelbarrow
21:57 Loom
25:59 Fortified Wall
26:53 Gold Mining
26:54 Stone Mining
27:41 Hand Cart
30:53 Imperial Age
30:07 Gold Shaft Mining
31:21 Scale Barding Armor
31:27 Forging
31:53 Husbandry
31:14 Cavalier
31:14 Light Cavalry
33:18 Chain Barding Armor
33:33 Iron Casting
34:25 Chemistry
33:23 Fletching
33:04 Paladin
34:46 Conscription
36:25 Plate Barding Armor
Donkerzs
11:07 Feudal Age
11:48 Double-Bit Axe
11:44 Horse Collar
15:19 Loom
18:10 Castle Age
17:29 Gold Mining
18:28 Forging
18:23 Scale Barding Armor
20:34 Iron Casting
20:20 Chain Barding Armor
20:50 Wheelbarrow
21:31 Gold Shaft Mining
21:15 Bow Saw
21:58 Heavy Plow
24:36 Marauders
31:42 Bloodlines
Connection lost

Rejoining the realm…

Still unreachable

The connection could not be restored.

Session expired

The server has moved on; the page needs a fresh start.